 Dungeon Crawl Stone Soup version 0.26-a0-466-g989023bd0d (webtiles) character file.

Game seed: 6366039067212653774

1747 vurker the Chiller (level 9, 0/52 HPs)
             Began as a Kobold Ice Elementalist on July 29, 2020.
             Was an Initiate of Vehumet.
             Slain by a wyvern zombie (13 damage)
             ... on level 7 of the Dungeon.
             The game lasted 00:11:10 (8048 turns).

vurker the Chiller (Kobold Ice Elementalist)        Turns: 8048, Time: 00:11:11

Health: 0/52       AC:  3    Str:  5    XL:     9   Next: 26%
Magic:  15/19      EV: 15    Int: 19    God:    Vehumet [......]
Gold:   366        SH:  0    Dex: 16    Spells: 9/21 levels left

rFire    . . .     SeeInvis .   o - +3 dagger (elec)
rCold    . . .     Faith    .   (shield restricted)
rNeg     . . .     Spirit   .   m - +0 robe {MR+}
rPois    .         Reflect  .   (no helmet)
rElec    .         Harm     .   p - +0 cloak {Stlth+}
rCorr    .                      (no gloves)
MR       +....                  (no boots)
Stlth    ++++......             (no amulet)
HPRegen  0.17/turn              (no ring)
MPRegen  0.16/turn              (no ring)

@: no status effects
A: small, nightstalker 3
a: Renounce Religion


You were on level 7 of the Dungeon.
You worshipped Vehumet.
Vehumet was noncommittal.
You visited 2 branches of the dungeon, and saw 8 of its levels.

You collected 366 gold pieces.

Inventory:

Hand Weapons
 o - a +3 dagger of electrocution (weapon)
   (You took it off an orc on level 3 of the Dungeon)
 r - a +1 dagger of venom
   (You took it off an orc wizard on level 6 of the Dungeon)
Armour
 h - a scarf of resistance
   (You found it on level 2 of the Dungeon)
 m - a +0 robe of magic resistance (worn)
   (You took it off Sigmund on level 2 of the Dungeon)
 p - a +0 cloak of stealth (worn)
   (You found it on level 5 of the Dungeon)
Scrolls
 a - a scroll of amnesia
 c - 2 scrolls of enchant weapon
 e - 3 scrolls of remove curse
 f - a scroll of fear
 i - a scroll of torment {unknown}
 j - a scroll of teleportation
 k - a scroll of fog {unknown}
 s - a scroll of enchant armour {unknown}
 u - a scroll of summoning {unknown}
Potions
 b - 3 potions of heal wounds
 d - a potion of brilliance
 g - a potion of cancellation {unknown}
 l - a potion of mutation
 n - a potion of lignification
 q - 3 potions of curing


   Skills:
 + Level 4.7 Fighting
 - Level 2.4 Dodging
 + Level 4.1 Stealth
 * Level 6.7 Spellcasting
 - Level 3.0 Conjurations
 - Level 3.0 Summonings
 * Level 7.5 Ice Magic


You had 9 spell levels left.
You knew the following spells:

 Your Spells              Type           Power        Failure   Level
a - Freeze                Ice            ####         1%          1
b - Frozen Ramparts       Ice            #####.       1%          3
c - Hailstorm             Conj/Ice       ####....     12%         4
d - Summon Ice Beast      Ice/Summ       ####....     12%         4

Your spell library contained the following spells:

 Spells                   Type           Power        Failure   Level
 Ozocubu's Armour         Ice            #####...     1%          3


Dungeon Overview and Level Annotations

Branches:
Dungeon (7/15)             Temple (1/1) D:6

Altars:
Ashenzari
Cheibriados
Dithmenos
Fedhas
Gozag
Hepliaklqana
Kikubaaqudgha
Makhleb
Nemelex Xobeh
Okawaru
Ru
Sif Muna
Trog
Uskayaw
Vehumet
Wu Jian
Xom
Yredelemnul
Zin
The Shining One


Innate Abilities, Weirdness & Mutations

You are small and have problems with some larger weapons.
You are completely attuned to the shadows.


Message History

You freeze the orc wizard!
The wall freezes the orc wizard!
You kill the orc wizard!
Vehumet accepts your kill.
You can't see any susceptible monsters within range! (Use Z to cast anyway.)
You can't see any susceptible monsters within range! (Use Z to cast anyway.)
The frozen ramparts melt away.
Found an escape hatch in the floor.
Items here: )) [[ †.
Things that are here:
a +0 hand axe; an orc corpse You open the door.
There is an open door here.
Found a scroll labeled XEFIVEELATO.
Found a stone staircase leading down.
u - a scroll labeled XEFIVEELATO
Found a shiny gilded ring.
As you read the scroll of identify, it crumbles to dust.
d - a potion of brilliance
Found an escape hatch in the ceiling.
A wyvern zombie comes into view.
A wyvern zombie is nearby!
You see here a shiny gilded ring.
The helpless wyvern zombie fails to defend itself.
You puncture the wyvern zombie! The wyvern zombie bites you!
The wyvern zombie closely misses you.
You hit the wyvern zombie. The wyvern zombie bites you.
You hit the wyvern zombie.
Lightning courses through the wyvern zombie!
The wyvern zombie closely misses you.
You hit the wyvern zombie.
The wyvern zombie bites you but does no damage.
The wyvern zombie bites you.
You hit the wyvern zombie but do no damage.
The wyvern zombie barely misses you.
You hit the wyvern zombie but do no damage.
The wyvern zombie bites you.
You hit the wyvern zombie. The wyvern zombie bites you!
You hit the wyvern zombie. The wyvern zombie closely misses you.
The wyvern zombie barely misses you.
You barely miss the wyvern zombie. The wyvern zombie bites you.
You hit the wyvern zombie.
The wyvern zombie completely misses you.
You hit the wyvern zombie but do no damage.
The wyvern zombie bites you!
* * * LOW HITPOINT WARNING * * *
The wyvern zombie bites you!
* * * LOW HITPOINT WARNING * * *
The spell is quite dangerous to cast (12% risk of failure)!
Continue anyway?
A chill wind blows around you. The wyvern zombie bites you!
You die...

#.# #.# #. #.# #.....
.#.###.# .#.....
........####.#.Y...
..#.#........#.Z...
..........##.#@....
#. ###.####.)<.#.<...
..##.....##..))#=....
..#.......#.#).#.....
..#.......#.#..#.....
......_.....#..#.....
..#.......#.#..#.....
#.#.......#....#.....
#.##.....##..........


You could see a wyvern zombie and a friendly ice beast (summoned).

Vanquished Creatures
  Sigmund (D:2)
  An ice beast (D:5)
  A black bear (D:6)
  An ogre (D:4)
  2 centaurs
  A wyvern skeleton (D:5)
  2 scorpions
  2 jellies (D:6)
  A hound (D:6)
  3 orc priests
  10 orc wizards
  Terence (D:2)
  An iguana (D:4)
  Natasha (thrice) (D:4)
  5 worker ants
  2 adders
  A white imp (D:6)
  An ooze (D:6)
  2 adder skeletons
  3 worms
  A dart slug (D:2)
  3 leopard geckos
  33 orcs
  3 ball pythons
  3 giant cockroaches
  8 goblins
  7 hobgoblins
  9 jackals
  7 kobolds
  4 quokkas
  9 bats
  4 frilled lizards
  A goblin zombie (D:4)
  2 leopard gecko skeletons (D:4)
  A quokka zombie (D:4)
  17 rats
156 creatures vanquished.

Vanquished Creatures (collateral kills)
  2 ogres
  A bullfrog skeleton (D:4)
3 creatures vanquished.

Vanquished Creatures (others)
  A fungus (D:5)
1 creature vanquished.

Grand Total: 160 creatures vanquished

Notes
Turn   | Place    | Note
-------+----------+-------------------------------------------
     0 | D:1      | vurker the Kobold Ice Elementalist began the quest for the
                  | Orb.
     0 | D:1      | Reached XP level 1. HP: 10/10 MP: 3/3
   363 | D:1      | Reached XP level 2. HP: 16/16 MP: 0/5
   744 | D:1      | Reached skill level 1 in Fighting
   744 | D:1      | Reached XP level 3. HP: 20/20 MP: 2/7
  1358 | D:1      | Learned a level 3 spell: Frozen Ramparts
  1389 | D:2      | Reached XP level 4. HP: 11/25 MP: 1/8
  1938 | D:2      | Found a snail-covered altar of Cheibriados.
  1945 | D:2      | Noticed Sigmund
  1997 | D:2      | Found a glowing golden altar of the Shining One.
  1998 | D:2      | Found a burning altar of Makhleb.
  2003 | D:2      | Found an ancient bone altar of Kikubaaqudgha.
  2003 | D:2      | Found a shimmering altar of Xom.
  2005 | D:2      | Found a hazy altar of Hepliaklqana.
  2006 | D:2      | Found a glowing silver altar of Zin.
  2253 | D:2      | Learned a level 4 spell: Hailstorm
  2276 | D:2      | Noticed Terence
  2290 | D:2      | Killed Terence
  2290 | D:2      | Reached XP level 5. HP: 29/30 MP: 4/10
  2544 | D:2      | Killed Sigmund
  2544 | D:2      | Reached skill level 1 in Conjurations
  2544 | D:2      | Reached skill level 5 in Ice Magic
  2544 | D:2      | Reached XP level 6. HP: 31/36 MP: 3/12
  2550 | D:2      | Learned a level 4 spell: Summon Ice Beast
  3290 | D:3      | Reached skill level 1 in Summonings
  3311 | D:3      | Reached XP level 7. HP: 40/40 MP: 7/13
  3425 | D:3      | Found an iron altar of Okawaru.
  3445 | D:3      | Found a faded altar of an unknown god.
  3762 | D:4      | Noticed Natasha
  3767 | D:4      | Killed Natasha
  4515 | D:4      | Reached XP level 8. HP: 33/46 MP: 6/15
  4650 | D:4      | Noticed Natasha
  4656 | D:4      | Killed Natasha
  4656 | D:4      | Reached skill level 6 in Ice Magic
  4786 | D:4      | Reached skill level 5 in Spellcasting
  5321 | D:4      | Noticed Natasha
  5325 | D:4      | Killed Natasha
  5597 | D:5      | Entered Level 5 of the Dungeon
  5799 | D:5      | Found a shadowy altar of Dithmenos.
  6141 | D:5      | Found a blossoming altar of Fedhas.
  7017 | D:6      | Reached skill level 7 in Ice Magic
  7221 | D:6      | Found a shattered altar of Ashenzari.
  7370 | D:6      | Reached XP level 9. HP: 52/52 MP: 12/18
  7606 | D:6      | Found a staircase to the Ecumenical Temple.
  7645 | Temple   | Entered the Ecumenical Temple
  7707 | Temple   | Became a worshipper of Vehumet
  7960 | D:7      | Found a sacrificial altar of Ru.
  8048 | D:7      | Slain by a wyvern zombie

Illustrated notes

Levels and vault maps discovered:
D:1:      nagdon_arrival_double_spiral, layout_loops_cross
D:2:      layout_rooms, grunt_temple_overflow_open, uniq_sigmund, uniq_terence
D:3:      layout_basic, chequers_ecumenical_altar_simple,
          minmay_misc_feat_roman, okawaru_metal_pillars_1_2
D:4:      layout_loops_ring, enter_ossuary_4, uniq_natasha
D:5:      layout_basic, nicolae_overflow_crystal_walls, fedhas_altar_3
D:6:      layout_cave_pools, minmay_temple_entry_antechambers,
          serial_column_ruins, column_ruins_square_medium,
          column_ruins_open_medium_water, column_ruins_columns_straight,
          column_ruins_columns_straight, cheibrodos_ashenzari_chains
D:7:      layout_basic, old_standard_altar, serial_shops,
          nicolae_shop_temple_entry_statues_fountains, shop_coins,
          nicolae_shop_overgrown_old_shop, nicolae_shop_waterfront, uniq_duvessa
Temple:   nicolae_temple_god_jail

Skill      XL: |  1  2  3  4  5  6  7  8  9 |
---------------+----------------------------+-----
Fighting       | 1 2 3 4 |  4.7
Spellcasting   | 3 4 6 |  6.7
Conjurations   | 1 2 3 |  3.0
Ice Magic      | 5 7 |  7.5
Summonings     | 1 2 3 |  3.0
Stealth        | 3 4 |  4.1
Dodging        | |  2.4

Action                   |  1- 3 |  4- 6 |  7- 9 || total
-------------------------+-------+-------+-------++-------
Melee: Unarmed           |    17 |     2 |       ||    19
       Dagger            |       |     8 |    94 ||   102
 Cast: Freeze            |    37 |    72 |    80 ||   189
       Frozen Ramparts   |       |     5 |    30 ||    35
       Summon Ice Beast  |       |       |    10 ||    10
       Hailstorm         |       |       |     1 ||     1
  Use: Scroll            |       |       |    13 ||    13
 Stab: Sleeping          |     2 |     3 |     8 ||    13
Armor: Robe              |     4 |     7 |    16 ||    27
Dodge: Dodged            |    35 |    33 |   110 ||   178

Table legend: (Time is in decaauts)
 A = Elapsed time spent in this place.
 B = Non-inter-level travel time spent in this place.
 C = Inter-level travel time spent in this place.
 D = Time resting spent in this place.
 E = Time spent auto-exploring this place.
 F = Levels seen in this place.
 G = Mean time per level.
                   A        B        C        D        E       F      G
               +--------+--------+--------+--------+--------+-----+--------+
         Total |   8051 |   7848 |    203 |    356 |   6347 |   8 | 1006.4 |
       Dungeon |   7979 |   7784 |    195 |    356 |   6291 |   7 | 1139.9 |
        Temple |     71 |     63 |      8 |      0 |     56 |   1 |   71.0 |
               +--------+--------+--------+--------+--------+-----+--------+

Top non-repeatable levels by time:
     D:4: 1639 daAuts
     D:1: 1631 daAuts
     D:3: 1263 daAuts
     D:5: 1159 daAuts
     D:6: 1073 daAuts
     D:2: 1064 daAuts
     D:7: 147 daAuts
  Temple: 71 daAuts
